 Dungeon Crawl Stone Soup version 0.31.0-4-g52a2dc7128 (webtiles) character file.

Game seed: 9254707707515557116

4 Armakuni the Grave Robber (level 1, -1/13 HPs)
             Began as a Human Necromancer on Jan 21, 2024.
             Slain by a hobgoblin (3 damage)
             ... on level 1 of the Dungeon.
             The game lasted 00:01:46 (116 turns).

Armakuni the Grave Robber (Human Necromancer)        Turns: 116, Time: 00:01:46

Health: -1/13      AC:  2    Str:  8    XL:     1   Next: 60%
Magic:  0/3        EV: 12    Int: 15    God:
Gold:   11         SH:  0    Dex: 13    Spells: 3/4 levels left

rFire   . . .        (no weapon)
rCold   . . .        (no shield)
rNeg    . . .        a - +0 robe
rPois   .            (no helmet)
rElec   .            (no cloak)
rCorr   .            (no gloves)
SInv    .            (no boots)
Will    .....        (no amulet)
Stlth   ++           (no ring)
HPRegen 0.22/turn    (no ring)
MPRegen 0.08/turn

%: no passive effects
@: no status effects
A: explore regen
a: no special abilities


You were on level 1 of the Dungeon.
You visited 1 branch of the dungeon, and saw 1 of its levels.

You collected 11 gold pieces.

Inventory:

Armour
 a - a +0 robe (worn)


   Skills:
 - Level 2.0 Dodging
 - Level 2.0 Stealth
 - Level 2.0 Spellcasting
 + Level 4.2 Necromancy


You had 3 spell levels left.
You knew the following spells:

 Your Spells              Type           Power      Damage    Failure   Level
a - Necrotise             Necr           56%        1d6       4%          1

Your spell library contained the following spells:

 Spells                   Type           Power      Damage    Failure   Level
 Vampiric Draining        Necr           14%        2d7       12%         3
 Animate Dead             Necr           14%        N/A       36%         4
 Curse of Agony           Necr           14%        N/A       73%         5


Dungeon Overview and Level Annotations

Branches:
Dungeon (1/15)

Altars:


Innate Abilities, Weirdness & Mutations

You regain HP and MP as you explore.


Message History

Aim: a hobgoblin (almost dead, chance to affect: 84%)
The hobgoblin barely resists.
The hobgoblin barely misses you.
The hobgoblin attacks as it pursues you!
The hobgoblin hits you but does no damage.
Aiming: Necrotise (safe; 4% risk of failure)
Press: ? - help, Q - select action Shift-Dir - straight line, f/p - hobgoblin
Aim: a hobgoblin (almost dead, chance to affect: 84%)
The hobgoblin barely resists.
The hobgoblin misses you.
Aiming: Necrotise (safe; 4% risk of failure)
Press: ? - help, Q - select action Shift-Dir - straight line, f/p - hobgoblin
Aim: a hobgoblin (almost dead, chance to affect: 84%)
The hobgoblin writhes in agony.
The hobgoblin closely misses you.
You don't have enough magic to cast this spell.
You don't have enough magic to cast this spell.
As you read the scroll labelled SUCUXZ RIOTOU, it crumbles to dust.
You feel aware of your surroundings.
It was a scroll of revelation.
The hobgoblin hits you.
* * * LOW HITPOINT WARNING * * *
Found 11 stones and a whip.
You aren't carrying any potions.
Unknown command.
You aren't carrying any items that you can evoke.
Aiming: Necrotise (safe; 4% risk of failure)
Press: ? - help, Q - select action Shift-Dir - straight line, f/p - hobgoblin
Aim: a hobgoblin (almost dead, chance to affect: 84%)
The hobgoblin barely resists.
The hobgoblin barely misses you.
You aren't carrying any items that you can evoke.
The hobgoblin attacks as it pursues you!
The hobgoblin hits you but does no damage.
Aiming: Necrotise (safe; 4% risk of failure)
Press: ? - help, Q - select action Shift-Dir - straight line, f/p - hobgoblin
Aim: a hobgoblin (severely wounded, chance to affect: 84%)
The hobgoblin writhes in agony.
The hobgoblin attacks as it pursues you!
The hobgoblin hits you.
You die...

* **
**###############
*,
*,.....#<#......#
****
*,##.###.##.###.#
*,,,
*...............#
*,*,
*####.########.##
*,,,
*,..#.#..g@(#...#
**,*
**#.#.#g#####.###
*,*
*,#...#.......#.#
*,*
*,#########.#.#.#
*,*
*,#(........#...#
*,*
*,####..#######.#
*,*
*,..)...#.......#
*,*
**#######.#######
*,*
######..#######
*,*


You could see 2 hobgoblins.

Vanquished Creatures
  A ball python (D:1)
  A hobgoblin (D:1)
  A bat (D:1)
3 creatures vanquished.

Vanquished Creatures (collateral kills)
  A bat (D:1)
1 creature vanquished.

Grand Total: 4 creatures vanquished

Notes
Turn   | Place    | Note
-------+----------+-------------------------------------------
     0 | D:1      | Armakuni the Human Necromancer began the quest for the Orb.
     0 | D:1      | Reached XP level 1. HP: 13/13 MP: 3/3
   116 | D:1      | Slain by a hobgoblin

Illustrated notes

Levels and vault maps discovered:
D:1:      onia_arrival_mini_maze, layout_loops_cross, minmay_misc_feat_alley,
          minmay_pentomino_r2

Action                     || total
---------------------------++-------
  Melee: Unarmed           ||     4
   Cast: Necrotise         ||    13
    Use: Scroll            ||     1
         Potion            ||     1
 Armour: Robe              ||    14
  Dodge: Dodged            ||     6
